Map: Blood Boil LE

Players

Neeb

  • Race: Protoss Protoss
  • Spawn Location: 5:00

Serral - Winner!

  • Race: Zerg Zerg
  • Spawn Location: 11:00

Event: WCS Jonkoping 2017

VOD

Have the link to the VOD?

Description

Time

  • Played on: June 19, 2017, 1:52 p.m.
  • Length: 7:52

All games in this series

Show
View Real Time Build Order
Export as new Build Order

Neeb Protoss 

Build Orders: Nexus First, Zealot Archon, Dark Templar Rush 

Get SALT Encoding   

  12  0:00  Probe (Chrono Boost), Unknown  
  13  0:11  Probe (Chrono Boost)  
  14  0:17  Pylon  
  14  0:22  Probe (Chrono Boost)  
  15  0:36  Probe (Chrono Boost)  
  16  0:46  Probe (Chrono Boost)  
  17  0:59  Nexus  
  17  1:08  Gateway  
  17  1:12  Probe (Chrono Boost)  
  17  1:17  Assimilator  
  18  1:22  Probe (Chrono Boost)  
  18  1:25  Assimilator  
  19  1:33  Probe (Chrono Boost)  
  20  1:43  Probe (Chrono Boost)  
  21  1:47  Pylon  
  22  1:54  Probe (Chrono Boost)  
  22  1:56  Cybernetics Core  
  22  2:04  Probe (Chrono Boost)  
  22  2:05  Zealot  
  25  2:12  Probe (Chrono Boost)  
  25  2:15  Probe (Chrono Boost)  
  27  2:22  Probe (Chrono Boost)  
  28  2:25  Probe (Chrono Boost)  
  29  2:31  Probe (Chrono Boost)  
  29  2:32  Warp Gate  
  29  2:33  Stalker (Chrono Boost)  
  29  2:36  Probe  
  33  2:40  Twilight Council  
  33  2:41  Probe  
  34  2:48  Probe (Chrono Boost)  
  35  2:54  Probe (Chrono Boost)  
  35  2:57  Robotics Facility  
  36  3:00  Probe (Chrono Boost)  
  38  3:05  Probe (Chrono Boost)  
  38  3:11  Probe (Chrono Boost)  
  39  3:16  Probe (Chrono Boost)  
  39  3:18  Dark Shrine  
  40  3:20  Gateway  
  40  3:22  Probe (Chrono Boost)  
  41  3:27  Probe (Chrono Boost)  
  42  3:34  Gateway  
  42  3:35  Gateway  
  42  3:36  Probe (Chrono Boost)  
  42  3:38  Probe (Chrono Boost)  
  44  3:45  Assimilator  
  44  3:47  Warp Prism (Chrono Boost)  
  46  3:52  Pylon  
  46  3:56  Pylon  
  46  4:08  Probe  
  48  4:10  Probe  
  48  4:16  Pylon  
  48  4:18  Probe  
  48  4:22  Probe  
  48  4:23  Warp Prism (Chrono Boost)  
  52  4:29  Probe  
  53  4:34  Probe, Dark Templar  
  53  4:35  Dark Templar x3  
  53  4:37  Pylon  
  62  4:38  Archon  
  62  4:39  Archon  
  62  4:54  Pylon, Nexus  
  62  5:05  Immortal (Chrono Boost)  
  66  5:17  Gateway  
  66  5:19  Gateway  
  66  5:21  Probe  
  66  5:22  Probe  
  66  5:26  Gateway  
  68  5:29  Sentry x2  
  68  5:30  Sentry, Gateway  
  74  5:39  Immortal (Chrono Boost)  
  78  5:47  Sentry  
  78  5:48  Pylon  
  80  5:50  Pylon  
  80  6:06  Zealot x3  
  86  6:13  Observer (Chrono Boost)  
  86  6:14  Zealot  
  85  6:39  Zealot x8  
  101  6:47  Pylon  
  101  6:48  Pylon x2  
  101  6:50  Pylon  
  101  7:01  Zealot  
  101  7:02  Zealot x3, Adept x4  
  85  7:26  Adept x7  
  85  7:27  Adept  
Show
View Real Time Build Order
Export as new Build Order

Serral Zerg - Winner!

Build Orders: Hatch First 

Get SALT Encoding   

  12  0:00  Unknown, Drone  
  13  0:13  Overlord  
  13  0:18  Drone  
  14  0:32  Drone x2  
  14  0:35  Drone  
  17  0:53  Hatchery  
  17  0:56  Drone  
  17  0:59  Drone  
  18  1:09  Extractor  
  17  1:14  Spawning Pool  
  17  1:18  Drone  
  17  1:22  Drone  
  18  1:29  Drone  
  19  1:39  Drone  
  20  1:50  Hatchery  
  19  1:54  Drone  
  20  2:03  Queen  
  22  2:10  Metabolic Boost  
  22  2:13  Zergling x2  
  23  2:17  Drone  
  23  2:22  Overlord  
  24  2:26  Drone  
  24  2:29  Drone  
  26  2:31  Drone  
  26  2:35  Drone  
  28  2:41  Queen  
  28  2:44  Drone  
  31  2:50  Overlord  
  31  2:52  Drone  
  32  2:58  Queen  
  32  3:02  Zergling x2  
  35  3:05  Drone  
  35  3:11  Drone x2  
  35  3:12  Drone  
  39  3:14  Drone  
  39  3:15  Drone  
  39  3:18  Drone  
  42  3:20  Drone  
  42  3:22  Overlord  
  42  3:25  Drone  
  44  3:27  Drone  
  45  3:34  Drone  
  45  3:35  Drone  
  45  3:38  Lair  
  45  3:40  Roach Warren  
  46  3:41  Drone  
  46  3:42  Extractor  
  46  3:43  Drone  
  46  3:47  Overlord  
  47  3:50  Drone x3  
  47  3:52  Drone  
  47  3:55  Queen  
  51  4:00  Queen  
  51  4:01  Drone  
  56  4:03  Drone  
  56  4:04  Drone  
  56  4:07  Drone x2  
  56  4:08  Drone  
  61  4:18  Overlord  
  61  4:21  Roach x2  
  61  4:23  Spore Crawler x2  
  63  4:25  Overlord  
  63  4:27  Roach  
  63  4:30  Overlord  
  65  4:36  Roach x4  
  73  4:42  Overseer  
  73  4:44  Roach  
  75  4:49  Extractor, Overlord  
  75  4:50  Overseer, Spine Crawler  
  75  4:51  Drone x5  
  78  4:56  Roach  
  78  4:57  Overlord  
  80  5:01  Drone x2  
  80  5:02  Overlord  
  83  5:07  Ravager  
  83  5:10  Roach  
  83  5:11  Roach  
  83  5:12  Overlord  
  83  5:13  Drone x3  
  85  5:14  Overlord  
  84  5:21  Overlord  
  84  5:22  Drone x2  
  84  5:23  Extractor  
  84  5:26  Extractor  
  84  5:29  Hydralisk Den, Overlord  
  84  5:34  Drone x2, Overlord  
  84  5:35  Drone  
  85  5:43  Drone x2  
  85  5:48  Drone x3  
  90  5:50  Extractor  
  90  5:52  Overlord  
  89  5:57  Overlord  
  87  6:05  Muscular Augments  
  87  6:06  Drone x3  
  87  6:07  Drone  
  87  6:08  Glial Reconstitution, Hatchery  
  87  6:09  Hydralisk x4  
  97  6:17  Hydralisk x2  
  101  6:26  Queen x3  
  105  6:34  Hydralisk x4  
  105  6:35  Roach x3  
  119  6:43  Overlord  
  119  6:45  Hydralisk x2  
  119  6:46  Roach x2  
  127  6:53  Roach x4  
  135  6:56  Hydralisk  
  135  6:57  Hydralisk  
  139  7:06  Hydralisk x3  
  129  7:15  Roach  
  129  7:16  Roach x5  
  129  7:21  Hydralisk  
  125  7:25  Roach x3  
  123  7:32  Roach x5  
Tags
 
Add a new tag
Caveats
  • Supply blocks, unpowered buildings, or Contaminate may cause inaccurate times.
  • Supply counts are checked every 10 seconds.